Map: King's Cove LE

Players

Skitter - Winner!

  • Race: Zerg Zerg
  • League: Diamond
  • Spawn Location: 5:00

LiterallyBis

  • Race: Zerg Zerg
  • League: Diamond
  • Spawn Location: 11:00

VOD

Have the link to the VOD?

Description

Time

  • Played on: Nov. 1, 2020, 9:14 p.m.
  • Length: 9:52
Show
View Real Time Build Order
Export as new Build Order

Skitter Zerg - Winner!

Build Orders: 3 Hatch before Pool 

Get SALT Encoding   

  12  0:00  Drone  
  13  0:13  Overlord  
  13  0:20  Drone  
  14  0:33  Drone x2  
  14  0:35  Drone  
  17  0:57  Drone  
  17  1:00  Drone  
  17  1:02  Hatchery  
  18  1:21  Hatchery  
  17  1:27  Extractor  
  17  1:31  Drone  
  17  1:41  Spawning Pool  
  17  1:42  Drone  
  17  1:46  Drone  
  18  1:50  Drone  
  19  2:00  Drone  
  20  2:16  Drone  
  20  2:18  Drone x2  
  24  2:30  Drone x2, Queen  
  24  2:33  Queen  
  29  2:39  Metabolic Boost  
  29  2:43  Drone  
  30  2:45  Overlord  
  30  2:48  Zergling x2  
  31  2:54  Zergling x4  
  33  2:59  Overlord  
  33  3:01  Drone  
  34  3:06  Drone x2  
  34  3:11  Drone  
  34  3:12  Zergling x4  
  39  3:25  Drone  
  40  3:29  Drone x3  
  43  3:39  Baneling Nest  
  43  3:40  Evolution Chamber  
  41  3:41  Evolution Chamber  
  41  3:42  Zergling x10  
  41  3:47  Queen  
  47  3:49  Drone  
  47  3:52  Drone x2  
  50  3:59  Overlord  
  50  4:00  Overlord  
  50  4:09  Drone, Zergling x2  
  50  4:15  Drone x2  
  49  4:25  Zergling x18  
  49  4:28  Zerg Missile Weapons Level 1  
  49  4:30  Drone  
  59  4:50  Zergling x14  
  65  4:56  Overlord x2  
  65  4:57  Lair  
  61  5:04  Extractor  
  61  5:05  Drone  
  61  5:06  Drone x5  
  66  5:07  Extractor  
  66  5:08  Zergling x2  
  66  5:14  Baneling  
  66  5:15  Baneling x2  
  66  5:21  Overlord  
  66  5:23  Drone  
  66  5:24  Drone x6  
  67  5:56  Baneling  
  67  5:57  Baneling x2  
  65  5:59  Overlord x2  
  65  6:03  Drone  
  65  6:04  Drone x11, Roach Warren  
  77  6:07  Extractor  
  77  6:10  Drone x2  
  75  6:12  Extractor  
  70  6:26  Zergling x12  
  73  6:33  Drone  
  73  6:34  Overlord x2  
  73  6:35  Zerg Missile Weapons Level 2  
  74  6:48  Extractor  
  74  6:51  Overlord x2  
  74  6:53  Roach x8  
  89  6:54  Hatchery  
  88  7:03  Baneling x2  
  88  7:05  Baneling x3, Roach  
  88  7:06  Roach x4  
  98  7:10  Queen  
  98  7:14  Glial Reconstitution  
  98  7:15  Roach x5  
  110  7:20  Drone x2  
  110  7:21  Drone  
  113  7:23  Drone  
  114  7:45  Roach x7  
  114  7:50  Drone  
  129  7:58  Overlord x5  
  129  8:02  Baneling  
  129  8:03  Baneling x5  
  129  8:06  Queen  
  129  8:10  Roach x2  
  134  8:15  Drone  
  134  8:16  Drone x3, Overlord  
  134  8:17  Drone  
  134  8:19  Queen  
  139  8:21  Drone x8  
  149  8:36  Roach x7  
  149  8:38  Overseer  
  163  8:47  Roach x4  
  171  8:51  Roach x4  
  179  8:57  Overlord x2  
  179  8:58  Roach x2  
  177  9:11  Roach x5  
  177  9:14  Roach  
  177  9:15  Roach  
  181  9:18  Roach x5  
  181  9:19  Roach  
  181  9:20  Roach  
  181  9:23  Roach x3  
  197  9:25  Roach  
Show
View Real Time Build Order
Export as new Build Order

LiterallyBis Zerg 

Build Orders: Hatch First 

Get SALT Encoding   

  12  0:02  Drone  
  13  0:13  Overlord  
  13  0:22  Drone  
  14  0:32  Drone x2  
  16  0:52  Hatchery  
  16  0:55  Drone  
  16  0:57  Drone  
  16  1:01  Drone  
  18  1:11  Extractor  
  18  1:17  Spawning Pool  
  16  1:21  Drone  
  16  1:24  Drone  
  18  1:29  Drone  
  19  1:41  Drone  
  20  1:53  Overlord  
  20  2:04  Queen x2  
  20  2:05  Zergling x4  
  26  2:15  Metabolic Boost  
  26  2:17  Drone  
  26  2:18  Zergling x2  
  28  2:29  Zergling x4  
  30  2:44  Baneling Nest  
  30  2:47  Drone x2  
  30  2:48  Drone  
  32  2:51  Zergling x2  
  33  3:01  Overlord  
  33  3:11  Hatchery  
  32  3:15  Drone  
  32  3:16  Drone  
  34  3:25  Drone x4  
  37  3:36  Baneling x3  
  37  3:41  Drone x4  
  41  3:49  Drone x3  
  43  4:13  Zergling x2  
  41  4:24  Overlord x2, Zergling x14  
  47  4:34  Baneling x2  
  47  4:38  Queen  
  47  4:39  Overlord  
  49  4:46  Roach Warren  
  49  4:48  Evolution Chamber  
  49  4:49  Evolution Chamber  
  43  5:00  Baneling  
  43  5:01  Baneling x3  
  43  5:06  Drone x9  
  52  5:08  Queen  
  52  5:12  Drone x5  
  52  5:13  Drone  
  60  5:27  Zergling x6  
  63  5:29  Baneling x4  
  58  5:45  Zergling x12  
  58  5:46  Zergling x4  
  65  5:56  Baneling x5  
  65  5:58  Lair  
  65  6:01  Extractor  
  65  6:02  Extractor  
  65  6:04  Extractor  
  62  6:07  Zergling x18  
  48  6:36  Zerg Missile Weapons Level 1  
  48  6:39  Drone x10  
  61  6:40  Drone x4  
  61  7:14  Glial Reconstitution, Zerg Ground Armor Level 1  
  61  7:18  Drone x9  
  61  7:19  Drone x2  
  72  7:25  Drone  
  72  7:26  Overlord  
  73  7:35  Spore Crawler  
  73  7:36  Spore Crawler, Queen  
  73  7:37  Spore Crawler  
  73  7:38  Overlord  
  73  7:39  Overlord  
  73  7:40  Drone  
  73  7:44  Queen  
  73  7:45  Roach  
  73  7:46  Roach x2  
  81  8:06  Roach x8  
  96  8:30  Overlord x2  
  96  8:40  Overlord x2  
  96  8:44  Ravager  
  103  8:48  Roach x8  
  113  9:00  Roach x6  
  113  9:01  Roach x2  
  115  9:10  Roach  
  115  9:11  Roach  
  103  9:17  Roach x2  
  96  9:27  Roach x7  
Tags
 
Add a new tag
Caveats
  • Supply blocks, unpowered buildings, or Contaminate may cause inaccurate times.
  • Supply counts are checked every 10 seconds.